 Dungeon Crawl Stone Soup version 0.31-a0-716-gc7603755dd (webtiles) character file.

Game seed: 16228536330737429808

39 Jackfrost the Trooper (level 3, -1/30 HPs)
             Began as a Demonspawn Chaos Knight on Sept 11, 2023.
             Was a Plaything of Xom.
             Slain by a fenstrider witch (glowing shapeshifter) (4 damage)
             ... on level 2 of the Dungeon.
             The game lasted 00:14:13 (770 turns).

Jackfrost the Trooper (Demonspawn Chaos Knight)      Turns: 770, Time: 00:14:21

Health: -1/30      AC:  9    Str: 14    XL:     3   Next: 28%
Magic:  3/3        EV:  9    Int: 13    God:    Xom [..*...]
Gold:   22         SH:  7    Dex: 12    Spells: 2/2 levels left

rFire   . . .        a - +0 falchion (chaos)
rCold   . . .        p - +0 kite shield {AC+3}
rNeg    . . .        b - +2 leather armour
rPois   .            (no helmet)
rElec   .            l - +0 cloak
rCorr   .            (no gloves)
SInv    .            (no boots)
Will    .....        (no amulet)
Stlth   +            (no ring)
HPRegen 0.25/turn    (no ring)
MPRegen 0.08/turn

%: no passive effects
@: invisible
A: demonic guardian 1, spiny 1
a: Renounce Religion


You were on level 2 of the Dungeon.
You worshipped Xom.
You were a toy of Xom.
You visited 1 branch of the dungeon, and saw 2 of its levels.

You collected 22 gold pieces.

Inventory:

Hand Weapons
 a - a +0 falchion of chaos (weapon)
 f - a +0 dagger
 g - a +0 war axe
 j - a +0 club
 m - a +0 spear
Armour
 b - a +2 leather armour (worn)
 e - a +0 scale mail
 h - a +0 robe
 i - a +0 helmet
 l - a +0 cloak (worn)
 p - a +0 kite shield of protection (worn)
Jewellery
 k - a ring of willpower
Wands
 r - a wand of iceblast (6)
Scrolls
 c - a scroll of butterflies
Potions
 d - a potion of curing {unknown}
 n - a potion of brilliance {unknown}
 o - a potion of degeneration {unknown}
 q - a potion of might {unknown}
 s - a potion of heal wounds {unknown}
 t - a potion of mutation {unknown}


   Skills:
 + Level 3.7 Fighting
 + Level 3.1 Long Blades
 + Level 2.0 Armour
 + Level 1.0 Dodging
 + Level 0.1 Stealth
 + Level 0.1 Shields


You had 2 spell levels left.
You didn't know any spells.
Your spell library contained the following spells:

 Spells                   Type           Power      Damage    Failure   Level
 Magic Dart               Conj           0%         1d3       83%         1
 Call Imp                 Summ           0%         N/A       92%         2
 Mephitic Cloud           Conj/Pois/Air  0%         N/A       99%         3


Dungeon Overview and Level Annotations

Branches:
Dungeon (2/15)

Altars:


Innate Abilities, Weirdness & Mutations

A weak demonic guardian rushes to your aid.
You are partially covered in sharp spines.


Message History

Your ufetubus hits the frost giant. The frost giant hits you.
A demonic guardian appears!
Your ufetubus hits the frost giant but does no damage. x2
You hit the frost giant but do no damage.
The frost giant is lightly wounded.
The frost giant changes into a fenstrider witch!
Your ufetubus misses the fenstrider witch.
Your ufetubus barely misses the fenstrider witch.
Your shadow imp closely misses the fenstrider witch.
Your ufetubus completely misses the fenstrider witch.
Your ufetubus hits the fenstrider witch.
You hit the fenstrider witch but do no damage.
The fenstrider witch is lightly wounded.
Your ufetubus completely misses the fenstrider witch.
Your ufetubus hits the fenstrider witch.
The fenstrider witch hits your ufetubus.
Your ufetubus dies!
Your ufetubus disappears in a puff of smoke!
Your shadow imp closely misses the fenstrider witch.
The fenstrider witch shouts!
You see here a bat corpse.
You barely miss the fenstrider witch.
The fenstrider witch is lightly wounded.
The fenstrider witch hits you!
* * * LOW HITPOINT WARNING * * *
The fenstrider witch completely misses you.
Your shadow imp barely misses the fenstrider witch.
The fenstrider witch is struck by your spines.
The fenstrider witch barely misses you. The fenstrider witch kicks you.
* * * LOW HITPOINT WARNING * * *
Your shadow imp closely misses the fenstrider witch.
You barely miss the fenstrider witch.
The fenstrider witch is lightly wounded.
The fenstrider witch is struck by your spines.
The fenstrider witch closely misses you.
You block the fenstrider witch's attack.
The fenstrider witch is struck by your spines.
The fenstrider witch hits you.
You die...
Xom roars with laughter!

......+..... ####.##...#
#### #.##...# #...
##'##..(# #... #.......#
#..# #.......# #..##
#.......# #.5.#
#.......#####.H.#
+..........##.@#### ###
#..........##..#..##..#
#..........##..'......+ #
###..........##..##8..8##
## .
.............#######..##
.... .............# #.†#
.#.. .............#
#..##### ...
.............#
#..#...###.#
.............#
#..#.#.#...###


You could see a fenstrider witch shaped shifter (ally target) and a friendly
shadow imp (summoned).

Vanquished Creatures
  2 adders (D:2)
  3 ball pythons
  2 goblins (D:1)
  4 hobgoblins
  2 jackals (D:1)
  5 bats
  2 rats
20 creatures vanquished.

Vanquished Creatures (collateral kills)
  A quokka (D:1)
1 creature vanquished.

Grand Total: 21 creatures vanquished

Notes
Turn   | Place    | Note
-------+----------+-------------------------------------------
     0 | D:1      | Jackfrost the Demonspawn Chaos Knight began the quest for
                  | the Orb.
     0 | D:1      | Reached XP level 1. HP: 18/18 MP: 1/1
   103 | D:1      | Gained mutation: A weak demonic guardian rushes to your
                  | aid. [demonic ancestry]
   103 | D:1      | Reached XP level 2. HP: 23/24 MP: 2/2
   177 | D:1      | Reached skill level 1 in Dodging
   353 | D:2      | XOM: divination: detect creatures
   566 | D:2      | Gained mutation: You are partially covered in sharp spines.
                  | [demonic ancestry]
   566 | D:2      | Reached XP level 3. HP: 28/30 MP: 3/3
   638 | D:2      | XOM: silly message
   757 | D:2      | a quokka changed into a glowing shapeshifter
   757 | D:2      | Noticed a glowing shapeshifter (glowing shapeshifter)
   757 | D:2      | a glowing shapeshifter changed into a snapping turtle
   757 | D:2      | Noticed a snapping turtle (glowing shapeshifter)
   759 | D:2      | XOM: potion effect (invisibility)
   761 | D:2      | a snapping turtle changed into a tyrant leech
   761 | D:2      | Noticed a tyrant leech (glowing shapeshifter)
   762 | D:2      | a tyrant leech changed into something unseen
   764 | D:2      | Noticed a frost giant
   766 | D:2      | a frost giant changed into a fenstrider witch
   766 | D:2      | Noticed a fenstrider witch (glowing shapeshifter)
   770 | D:2      | Slain by a fenstrider witch (glowing shapeshifter)

Illustrated notes

Levels and vault maps discovered:
D:1:      scummos_arrival_forest, layout_rooms, solitary_fountain
D:2:      minmay_chambers_of_twos, layout_basic

Skill      XL: |  1  2 |
---------------+-------+-----
Dodging        | 1 |  1.0
Long Blades    | 3 |  3.1
Armour         | 2 |  2.0
Fighting       | |  3.7
Stealth        | |  0.1
Shields        | |  0.1

Action                     || total
---------------------------++-------
  Melee: Falchion          ||    65
         Punch             ||     1
 Armour: Leather armour    ||    26
         Scale mail        ||    17
  Dodge: Dodged            ||    42
  Block: Kite shield       ||    10

Table legend: (Time is in decaauts)
 A = Elapsed time spent in this place.
 B = Non-inter-level travel time spent in this place.
 C = Inter-level travel time spent in this place.
 D = Time resting spent in this place.
 E = Time spent auto-exploring this place.
 F = Levels seen in this place.
 G = Mean time per level.
                   A        B        C        D        E       F      G
               +--------+--------+--------+--------+--------+-----+--------+
         Total |    786 |    222 |    564 |      0 |      0 |   2 |  393.0 |
       Dungeon |    786 |    222 |    564 |      0 |      0 |   2 |  393.0 |
               +--------+--------+--------+--------+--------+-----+--------+

Top non-repeatable levels by time:
     D:2: 508 daAuts
     D:1: 278 daAuts
